 Dungeon Crawl Stone Soup version 0.17.1-2-g5865329 (webtiles) character file.

247 namelastname112 the Insei (level 6, -2/49 HPs)
             Began as a Merfolk Monk on Feb 11, 2016.
             Slain by an ogre
             ... wielding a +0 giant spiked club
              (20 damage)
             ... on level 4 of the Dungeon.
             The game lasted 00:04:14 (3396 turns).

namelastname112 the Insei (Merfolk Monk)            Turns: 3396, Time: 00:04:14

Health: -2/49      AC:  5    Str: 14    XL:     6   Next: 11%
Magic:  6/6        EV: 13    Int:  9    God:
Gold:   148        SH:  0    Dex: 16    Spells: 0 memorised, 5 levels left

rFire  + . .     SeeInvis .       - Unarmed
rCold  . . .     Clarity  .     s - +0 ring mail
rNeg   . . .     SustAt   .     (no shield)
rPois  .         Gourm    .     (no helmet)
rElec  .         Spirit   .     (no cloak)
rCorr  .         Warding  .     (no gloves)
rMut   .         Stasis   .     (no boots)
MR     .....                    (no amulet)
Stlth  +.........               (no ring)
                                i - ring of protection from fire

@: not resistant to hostile enchantments, very unstealthy
A: change form in water, swift swim
a: no special abilities


You were on level 4 of the Dungeon.
You were not hungry.

You visited 1 branch of the dungeon, and saw 4 of its levels.

You collected 148 gold pieces.

Inventory:

Missiles
 l - 4 javelins (quivered)
Armour
 s - a +0 ring mail (worn)
Jewellery
 i - a ring of protection from fire (left hand)
Scrolls
 a - 2 scrolls of enchant armour {unknown}
 e - 5 scrolls of identify {unknown}
 g - 2 scrolls of recharging {unknown}
 k - a scroll of magic mapping {unknown}
 n - 3 scrolls of fear {unknown}
 o - 4 scrolls of remove curse {unknown}
 p - a scroll of blinking {unknown}
 r - a scroll of noise {unknown}
 t - a scroll of enchant weapon {unknown}
Potions
 d - a potion of mutation {unknown}
 h - a potion of resistance {unknown}
 m - a potion of curing {unknown}
Books
 q - a book of Conjurations

   Spells                             Type                      Level
   a - Magic Dart                     Conjuration                  1
   b - Searing Ray                    Conjuration                  2
   c - Dazzling Spray                 Conjuration/Hexes            3
   d - Fulminant Prism                Conjuration/Hexes            4
   e - Iskenderun's Mystic Blast      Conjuration                  4
   f - Iskenderun's Battlesphere      Conjuration/Charms           5
Comestibles
 b - 3 bread rations
 c - 4 fruits
 f - 3 beef jerkies
 j - a meat ration


   Skills:
 + Level 4.4 Fighting
 + Level 1.5 Armour
 + Level 5.2 Dodging
 - Level 2.1 Stealth
 * Level 6.0 Unarmed Combat


You had 5 spell levels left.
You didn't know any spells.

Dungeon Overview and Level Annotations

Branches:
Dungeon (4/15)
 Temple: D:4-7

Altars:


Message History

You throw a javelin. The javelin hits the ogre.
The ogre is lightly wounded.
Throwing (i - inventory):
l - 5 javelins (quivered)
Press: ? - help, Shift-Dir - straight line, f/p - ogre
Aim: an ogre, wielding a giant spiked club (lightly wounded)
You throw a javelin. The javelin hits the ogre.
The ogre is moderately wounded.
You barely miss the ogre. Your punch misses the ogre.
The ogre is moderately wounded.
The ogre hits you with a giant spiked club!!
Ouch! That really hurt!
You hit the ogre.
The ogre is moderately wounded.
The ogre completely misses you.
You barely miss the ogre.
The ogre is moderately wounded.
You punch the ogre! Your punch misses the ogre.
The ogre is heavily wounded.
The ogre hits you with a giant spiked club!!
You die...

#....#.....#.
.....(.....#....#.....#.
...........#....#.....#.
...........#....#.....#.
...........#....'.....#.
.......(...#....#.....#.
.......(...#....#.....#.
.......O...##...##...##
#@....#...##...###
#.....#...........
+.....+...........
#.....#...........
#.....#..>........
#.....########....
#..............###
#..............#
#..............#


You could see an ogre.

Vanquished Creatures
  A centaur (D:3)
  An iguana (D:3)
  5 adders
  An ooze (D:3)
  3 worms (D:3)
  5 giant geckos
  5 orcs (D:3)
  14 bats
  3 giant cockroaches
  6 hobgoblins
  4 jackals (D:2)
  2 quokkas
  2 ball pythons
  2 giant newts (D:3)
  5 goblins
  6 kobolds
  5 rats
70 creatures vanquished.

Notes
Turn   | Place    | Note
--------------------------------------------------------------
     0 | D:1      | namelastname112 the Merfolk Monk began the quest for the Orb.
     0 | D:1      | Reached XP level 1. HP: 18/18 MP: 1/1
   201 | D:1      | Reached XP level 2. HP: 20/24 MP: 2/2
   649 | D:2      | Reached XP level 3. HP: 21/29 MP: 3/3
   858 | D:2      | Reached skill level 5 in Unarmed Combat
  1249 | D:2      | Reached XP level 4. HP: 37/37 MP: 4/4
  1863 | D:3      | Reached skill level 1 in Armour
  2107 | D:3      | Reached XP level 5. HP: 13/42 MP: 5/5
  2376 | D:3      | Noticed a centaur
  2386 | D:3      | HP: 1/63 [centaur (4)]
  2389 | D:3      | Killed a centaur
  2389 | D:3      | Reached skill level 5 in Dodging
  2953 | D:3      | Reached XP level 6. HP: 41/49 MP: 6/6
  3014 | D:4      | Reached skill level 6 in Unarmed Combat
  3396 | D:4      | Slain by an ogre

Action                   |  1- 3 |  4- 6 || total
-------------------------+-------+-------++-------
Melee: Unarmed           |   125 |   170 ||   295
Throw: Javelin           |       |     3 ||     3
  Use: Potion            |       |     3 ||     3
 Stab: Sleeping          |     3 |     2 ||     5
       Distracted        |       |     2 ||     2
       Invisible         |       |     1 ||     1
  Eat: Chunk             |       |     8 ||     8
